 Dungeon Crawl Stone Soup version 0.28.0 (webtiles) character file.

Game seed: 17010693982773724189

22891 dolemite99 the Basher (level 12, -3/93 HPs)
             Began as a Demonspawn Berserker on Feb 6, 2022.
             Was a Priest of Trog.
             Slain by a catoblepas (13 damage)
             ... while petrified by a basilisk
             ... on level 4 of the Lair of Beasts.
             The game lasted 00:25:00 (15939 turns).

dolemite99 the Basher (Demonspawn Berserker)       Turns: 15939, Time: 00:25:01

Health: -3/93      AC: 15    Str: 25    XL:     12   Next: 67%
Magic:  12/12      EV:  2    Int:  6    God:    Trog [***...]
Gold:   179        SH:  0    Dex: 15    Spells: 11/11 levels left

rFire   + . .      SeeInvis .   a - +11 mace of Honour {vorpal, Str+5 Int-5}
rCold   + + +      Faith    .   e - +2 kite shield {rC+ rF+}
rNeg    + + +      Spirit   .   o - +5 scale mail of Wesor {Rampage rF- rC+ Int+2}
rPois   ∞          Reflect  .   F - +1 helmet
rElec   .          Harm     .   g - scarf {rC+ rF+}
rCorr   +          Rampage  +   (gloves unavailable)
Will    .....                   (no boots)
Stlth   ..........              j - amulet of regeneration
HPRegen 1.05/turn               m - ring of resist corrosion
MPRegen 0.13/turn               (no ring)

@: petrified
A: large bone plates 2, foul stench 2, demonic touch 3
a: Renounce Religion, Berserk, Trog's Hand


You were on level 4 of the Lair of Beasts.
You worshipped Trog.
Trog was most pleased with you.
You visited 2 branches of the dungeon, and saw 14 of its levels.

You collected 799 gold pieces.
You spent 620 gold pieces at shops.

Inventory:

Hand Weapons
 a - the +11 mace of Honour (weapon) {vorpal, Str+5 Int-5}
   (You found it on level 5 of the Dungeon)

   It inflicts extra damage upon your enemies.
   Str:       It affects your strength (+5).
   Int:       It affects your intelligence (-5).
 b - a +1 hand crossbow of freezing
 d - a +3 eveningstar of freezing
 p - a +1 spectral hand axe
 w - a +5 whip of venom
 P - a +0 broad axe
Missiles
 h - 4 silver boomerangs
 q - 12 boomerangs
 y - 7 throwing nets
 E - 74 sling bullets
 L - 53 bolts
 N - 19 poisoned darts
Armour
 e - a +2 kite shield of resistance (worn)
 f - a +2 pair of gloves of hurling
 g - a scarf of resistance (worn)
 o - the +5 scale mail of Wesor (worn) {Rampage rF- rC+ Int+2}
   (You found it on level 1 of the Lair of Beasts)

   Int:       It affects your intelligence (+2).
   rF:        It makes you vulnerable to fire.
   rC:        It protects you from cold.
   Rampage:   It bestows one free step when moving towards enemies.
 r - a +0 chain mail
 s - a +0 hat of willpower
 F - a +1 helmet (worn)
Jewellery
 j - an amulet of regeneration (around neck)
 m - a ring of resist corrosion (left hand)
 M - a ring of protection from fire
Wands
 n - a wand of flame (31)
 t - a wand of digging (14)
 D - a wand of paralysis (17)
 H - a wand of charming (19)
 O - a wand of polymorph (4)
Scrolls
 k - 2 scrolls of blinking
 v - 2 scrolls of vulnerability
 x - a scroll of fog
 z - a scroll of brand weapon
 B - 6 scrolls of teleportation
 Q - a scroll of silence
Potions
 c - 6 potions of curing
 l - a potion of flight
 u - a potion of berserk rage
 A - a potion of heal wounds
 C - a potion of ambrosia {unknown}
 I - 2 potions of might


   Skills:
 - Level 8.2 Fighting
 - Level 7.9(10.4) Axes
 + Level 10.6(11.7) Maces & Flails
 - Level 2.3 Crossbows
 - Level 6.1 Throwing
 - Level 7.6 Armour
 - Level 1.7 Dodging
 - Level 8.8 Shields


You had 11 spell levels left.
You didn't know any spells.
Your spell library was empty.

Dungeon Overview and Level Annotations

Branches:
Dungeon (10/15)            Temple (0/1) D:4            Lair (4/6) D:8
    Orc (0/2) D:10
  Swamp: Lair:2-4    Shoals: Lair:2-4     Snake: Lair:2-4    Spider: Lair:2-4

Altars:
Elyvilon
Fedhas
Hepliaklqana
Qazlal
Xom

Shops:
D:9 ([(([

Annotations:
D:7 2 transporters, aaron's ghost, novice HOFi
Lair:2 2 transporters, ZeeToo's ghost, journeyman VSCA


Innate Abilities, Weirdness & Mutations

You are mostly covered in large bone plates. (SH +6)
You sometimes emit foul miasma when damaged in melee.
Your touch may irresistibly damage your foes and sap their willpower.


Message History

You are encased in ice.
The catoblepas breathes a plume of calcifying dust at you.
The blast of calcifying dust hits you!
You are engulfed in calcifying dust.
The six-headed hydra is no longer petrified.
The rime drake bites you.
A basilisk comes into view.
The catoblepas gores you.
The basilisk hisses angrily.
The wyvern barely misses you.
The catoblepas breathes a plume of calcifying dust at you.
The blast of calcifying dust hits you! The rime drake bites you.
You are engulfed in calcifying dust.
The ice encasing you melts away.
The rime drake stops moving altogether!
The wyvern bites you. The six-headed hydra bites you.
* * * LOW HITPOINT WARNING * * *
You emit a cloud of foul miasma!
The six-headed hydra bites you but does no damage. x3
The six-headed hydra bites you!
* * * LOW HITPOINT WARNING * * *
The six-headed hydra bites you but does no damage.
The catoblepas gores you.
* * * LOW HITPOINT WARNING * * *
The wyvern bites you but does no damage.
A basilisk comes into view.
You hear the rumble of an avalanche of rocks very nearby.
You are engulfed in calcifying dust.
The basilisk hisses angrily.
The six-headed hydra is engulfed in dark miasma.
The six-headed hydra bites you!
* * * LOW HITPOINT WARNING * * *
The six-headed hydra bites you but does no damage.
The six-headed hydra bites you. The six-headed hydra bites you!
* * * LOW HITPOINT WARNING * * *
The six-headed hydra bites you but does no damage.
The six-headed hydra bites you!
* * * LOW HITPOINT WARNING * * *
The wyvern bites you. The catoblepas gores you!!
You die...

.................. #
..........l......# #
#.#......ll....#
##.#...##.#....## ≈###
................. §...
.##.....†........ ....
....#..rkrl...... #.
....#.kDrY##..### ##
....#.kl@###..#### ##.
...P...#k###...#.######..
.........##P.............
.........###...#..........
..........................
.....≈≈≈≈≈..#.............
.....≈P#≈≈...#.....PP.....
....≈##≈≈..........P.....
.....≈#≈≈≈..........#.....


You could see a catoblepas, a six-headed hydra, 3 basilisks, 4 rime drakes, 2
wyverns and 3 hell rats.

Vanquished Creatures
  Gastronok (Lair:1)
  Harold (D:10)
  4 hydras
  3 two-headed ogres
  3 lindwurms (Lair:1)
  A deep elf pyromancer (D:7)
  An ugly thing (D:9)
  A black mamba (Lair:1)
  A torpor snail (Lair:3)
  3 komodo dragons
  2 rime drakes
  6 cane toads
  A polar bear (Lair:3)
  A troll (D:10)
  Grinder (D:4)
  3 blink frogs (Lair:3)
  2 shadows
  6 wyverns
  18 yaks
  A steam dragon (D:4)
  3 basilisks
  An acid dragon (D:8)
  9 water moccasins
  An ice beast (D:8)
  2 orc warriors (D:10)
  A necrophage (D:8)
  2 ogres (D:6)
  4 sky beasts
  3 centaurs
  2 phantoms (D:4)
  3 kobold brigands
  Blork the orc (D:6)
  9 bullfrogs
  A water moccasin zombie (D:5)
  3 scorpions (D:6)
  A wyvern zombie (D:6)
  A wyvern skeleton (D:7)
  A water moccasin skeleton (D:7)
  7 killer bees
  4 electric eels
  A bullfrog zombie (D:4)
  3 crimson imps (D:6)
  4 howler monkeys
  A jelly (D:6)
  4 centaur zombies
  3 hounds
  A centaur skeleton (D:7)
  10 orc priests
  A bullfrog skeleton (D:6)
  Crazy Yiuf (D:5)
  4 iguanas
  7 orc wizards
  Ijyb (D:5)
  A killer bee zombie (D:4)
  A hound skeleton (D:5)
  A hound zombie (D:5)
  A howler monkey zombie (D:6)
  4 gnolls (D:5)
  8 adders
  A shadow imp (D:8)
  A white imp (D:6)
  An ufetubus (D:6)
  An adder skeleton (D:2)
  A worm (D:2)
  3 dart slugs (D:1)
  29 orcs
  9 ball pythons
  7 bats
  7 endoplasms
  2 giant cockroaches
  11 goblins
  5 hobgoblins
  4 jackals (D:5)
  7 quokkas
  5 frilled lizards
  15 kobolds
  5 rats (D:1)
  A bush (D:5)
291 creatures vanquished.

Vanquished Creatures (others)
  A yak (Lair:2)
  A hound (D:4)
  6 fungi
  15 plants
23 creatures vanquished.

Grand Total: 314 creatures vanquished

Notes
Turn   | Place    | Note
-------+----------+-------------------------------------------
     0 | D:1      | dolemite99 the Demonspawn Berserker began the quest for the
                  | Orb.
     0 | D:1      | Reached XP level 1. HP: 18/18 MP: 1/1
   410 | D:1      | Gained mutation: You are partially covered in large bone
                  | plates. (SH +4) [demonic ancestry]
   410 | D:1      | Reached XP level 2. HP: 24/24 MP: 2/2
  1640 | D:1      | Reached XP level 3. HP: 29/29 MP: 3/3
  2529 | D:2      | Reached ** piety under Trog
  2565 | D:2      | Reached skill level 1 in Shields
  2565 | D:2      | Reached XP level 4. HP: 35/35 MP: 4/4
  2769 | D:2      | Identified the +3 leather armour "Sadoqaixt" {Will+ Int-3
                  | Stlth+}
  3520 | D:3      | Gained mutation: You may rarely emit foul miasma when
                  | damaged in melee. [demonic ancestry]
  3520 | D:3      | Reached XP level 5. HP: 41/41 MP: 5/5
  3522 | D:3      | Reached skill level 5 in Axes
  3742 | D:3      | Found a blossoming altar of Fedhas.
  4284 | D:4      | Noticed a phantom
  4311 | D:4      | Killed a phantom
  4312 | D:4      | Gained mutation: You sometimes emit foul miasma when
                  | damaged in melee. [demonic ancestry]
  4312 | D:4      | Reached XP level 6. HP: 47/47 MP: 6/6
  4425 | D:4      | Noticed a steam dragon
  4452 | D:4      | Noticed Grinder
  4460 | D:4      | Killed a steam dragon
  4465 | D:4      | Gained mutation: You are mostly covered in large bone
                  | plates. (SH +6) [demonic ancestry]
  4465 | D:4      | Reached XP level 7. HP: 29/52 MP: 7/7
  4469 | D:4      | Killed Grinder
  4612 | D:4      | Found a staircase to the Ecumenical Temple.
  4983 | D:5      | Entered Level 5 of the Dungeon
  5763 | D:5      | Found a runed translucent door.
  5764 | D:5      | Noticed Crazy Yiuf
  5772 | D:5      | Killed Crazy Yiuf
  5773 | D:5      | Gained mutation: Your touch may inflict minor irresistible
                  | damage on your foes. [demonic ancestry]
  5773 | D:5      | Reached XP level 8. HP: 58/58 MP: 2/8
  5776 | D:5      | Identified the +11 mace of Honour {vorpal, Str+5 Int-5}
  5848 | D:5      | Identified the +3 leather armour of the Snake Pit {Int-3
                  | SInv Stlth+}
  5920 | D:5      | Noticed Ijyb
  5925 | D:5      | Killed Ijyb
  6085 | D:5      | Reached skill level 1 in Maces & Flails
  6416 | D:6      | Reached skill level 2 in Maces & Flails
  6583 | D:6      | Reached skill level 5 in Shields
  6761 | D:6      | Reached skill level 3 in Maces & Flails
  6882 | D:6      | Reached skill level 4 in Maces & Flails
  6915 | D:6      | Found a stormy altar of Qazlal.
  7068 | D:6      | Noticed Blork the orc
  7075 | D:6      | Killed Blork the orc
  7161 | D:6      | Reached XP level 9. HP: 63/63 MP: 9/9
  7227 | D:6      | Found a shimmering altar of Xom.
  7246 | D:6      | Reached skill level 5 in Maces & Flails
  7407 | D:7      | Reached *** piety under Trog
  7551 | D:7      | Noticed aaron's ghost (novice HOFi)
  7630 | D:7      | Reached skill level 6 in Maces & Flails
  7736 | D:7      | Found a hazy altar of Hepliaklqana.
  7805 | D:7      | Found a transporter.
  7808 | D:7      | Noticed a moth of wrath
  7832 | D:7      | Found a transporter.
  8013 | D:7      | Reached skill level 7 in Maces & Flails
  8043 | D:7      | Noticed a six-headed hydra
  8047 | D:7      | Noticed a deep elf pyromancer
  8050 | D:7      | Killed a six-headed hydra
  8051 | D:7      | Gained mutation: Your touch may inflict irresistible damage
                  | on your foes. [demonic ancestry]
  8051 | D:7      | Reached XP level 10. HP: 70/70 MP: 10/10
  8053 | D:7      | Reached skill level 8 in Maces & Flails
  8066 | D:7      | Killed a deep elf pyromancer
  8602 | D:8      | Reached skill level 9 in Maces & Flails
  8664 | D:8      | Found a staircase to the Lair.
  9100 | D:8      | Reached skill level 10 in Maces & Flails
  9469 | D:9      | Noticed a two-headed ogre
  9478 | D:9      | Killed a two-headed ogre
  9596 | D:9      | Found Utoomm's Weapon Shoppe.
  9613 | D:9      | Bought 12 bolts for 28 gold pieces
  9619 | D:9      | Found Izeichea's Weapon Boutique.
  9631 | D:9      | Noticed a two-headed ogre
  9643 | D:9      | Killed a two-headed ogre
  9644 | D:9      | Reached skill level 1 in Crossbows
  9644 | D:9      | Reached XP level 11. HP: 75/75 MP: 11/11
  9670 | D:9      | Found Plog's Weapon Shoppe.
  9696 | D:9      | Bought a +5 whip of venom for 390 gold pieces
 10034 | D:9      | Found Uniho's Armour Shop.
 10065 | D:9      | Identified a scroll of acquirement
 10065 | D:9      | Acquired a +1 eveningstar of protection
 10108 | D:9      | Noticed a brown ugly thing
 10120 | D:9      | Killed a brown ugly thing
 10143 | D:9      | Found Hikkeq's Antique Armour Emporium.
 10155 | D:9      | Bought a pair of glowing gloves for 202 gold pieces
 10829 | D:10     | Entered Level 10 of the Dungeon
 10830 | D:10     | Noticed Harold
 10840 | D:10     | Killed Harold
 11017 | D:10     | Found a staircase to the Orcish Mines.
 11107 | D:10     | Noticed a two-headed ogre
 11141 | D:10     | Killed a two-headed ogre
 11154 | D:10     | Reached skill level 5 in Throwing
 11828 | Lair:1   | Entered Level 1 of the Lair of Beasts
 11870 | Lair:1   | Noticed a five-headed hydra
 11882 | Lair:1   | Killed a five-headed hydra
 11930 | Lair:1   | Noticed a lindwurm
 11932 | Lair:1   | Noticed Gastronok
 11985 | Lair:1   | Identified the +5 scale mail of Wesor {Rampage rF- rC+
                  | Int+2}
 12112 | Lair:1   | Killed Gastronok
 12113 | Lair:1   | Reached skill level 5 in Fighting
 12272 | Lair:1   | Noticed a lindwurm
 12281 | Lair:1   | Killed a lindwurm
 12307 | Lair:1   | Killed a lindwurm
 12329 | Lair:1   | Noticed a lindwurm
 12339 | Lair:1   | Killed a lindwurm
 12364 | Lair:1   | Gained mutation: Your touch may irresistibly damage your
                  | foes and sap their willpower. [demonic ancestry]
 12364 | Lair:1   | Reached XP level 12. HP: 91/91 MP: 12/12
 13303 | Lair:2   | Noticed a four-headed hydra
 13318 | Lair:2   | Killed a four-headed hydra
 13646 | Lair:2   | Noticed ZeeToo's ghost (journeyman VSCA)
 13649 | Lair:2   | Found a transporter.
 13699 | Lair:2   | Reached skill level 5 in Armour
 13902 | Lair:2   | Found a transporter.
 13977 | Lair:2   | Noticed an eight-headed hydra
 14000 | Lair:2   | Killed an eight-headed hydra
 15917 | Lair:4   | Noticed a catoblepas
 15920 | Lair:4   | Noticed a six-headed hydra
 15939 | Lair:4   | Slain by a catoblepas

Illustrated notes

Levels and vault maps discovered:
D:1:      psy_arrival_basics, layout_basic, serial_forest,
          infiniplex_forest_lined_3, infiniplex_forest_end_double,
          infiniplex_forest_lined_room_2, infiniplex_forest_straight_3,
          infiniplex_forest_clump_small, infiniplex_forest_clump_small,
          infiniplex_forest_end_3, infiniplex_forest_corner_2,
          dk_noncrumbling_2, minmay_tetromino_t2
D:2:      layout_basic, nrook_loot_triangle, nrook_mini_vaults,
          bh_walls_and_bars
D:3:      layout_basic, mainiacjoe_overflow_catwalk, hex_intersection
D:4:      layout_gridville, tgw_sif, temple_green, uniq_grinder
D:5:      layout_loops_corners, mainiacjoe_overflow_paths,
          uniq_crazy_yiuf_cottage, uniq_ijyb
D:6:      layout_basic, led_xom_imps, kennysheep_little_box, uniq_blork_the_orc
D:7:      cheibrodos_barr_body, layout_basic, amcnicky_altar_gilded,
          gammafunk_ghost_berserking_beasts
D:8:      layout_cave_pods, minmay_lair_entry_grove, kennysheep_donut
D:9:      layout_small_grid, serial_shops, nicolae_shop_window_shopping,
          nicolae_shop_waterfront, nicolae_shop_waterfront, shop,
          nicolae_shop_statue_plus, enter_bailey_5, grunt_ministairs_1
D:10:     layout_basic, david_orc_3, uniq_harold
Lair:1:   layout_regular_city, nicolae_lair_lindhole, uniq_gastronok
Lair:2:   layout_loops_ring, gammafunk_ghost_arena,
          chequers_serial_rivers_small_a, grunt_megastairs_2
Lair:3:   layout_cellular_growth, infiniplex_staircase_pool
Lair:4:   layout_gridlike, minmay_swamp_entry_worms,
          spider_nest_entry_web_field, nicolae_volcano_entry_two_sided,
          special_room [special_room_mythical_zoo], lemuel_fruit_tree,
          serial_bayou_shore_a, serial_bayou_shore_b, serial_bayou_shore_b

Skill      XL: |  1  2  3  4  5  6  7  8  9 10 11 12 |
---------------+-------------------------------------+-----
Axes           | 3 4 5 6 7 |  7.9
Shields        | 1 2 3 4 5 7 8 |  8.8
Maces & Flails | 4 7 10 | 10.6
Armour         | 2 3 7 |  7.6
Crossbows      | 1 2 |  2.3
Fighting       | 7 8 |  8.2
Throwing       | 6 |  6.1
Dodging        | |  1.7

Action                   |  1- 3 |  4- 6 |  7- 9 | 10-12 || total
-------------------------+-------+-------+-------+-------++-------
Melee: Hand axe          |   125 |   129 |   216 |       ||   470
       Punch             |     1 |       |       |       ||     1
       Mace              |       |       |   142 |   383 ||   525
       Whip              |       |       |       |    13 ||    13
 Fire: Hand crossbow     |       |       |       |     7 ||     7
Throw: Boomerang         |       |     9 |    15 |    68 ||    92
Invok: Berserk           |     8 |     3 |     5 |     4 ||    20
       Trog's Hand       |       |     4 |    13 |    20 ||    37
Evoke: Wand              |       |       |       |    24 ||    24
  Use: Scroll            |       |     1 |    13 |    15 ||    29
       Potion            |       |     1 |       |     1 ||     2
 Stab: Paralysed         |       |       |       |     7 ||     7
Armor: Animal skin       |     9 |       |       |       ||     9
       Scale mail        |    20 |    41 |    37 |    80 ||   178
       Chain mail        |       |       |    17 |    70 ||    87
Dodge: Dodged            |    62 |    49 |    58 |    74 ||   243
Block: Other             |     7 |       |       |       ||     7
       Kite shield       |    39 |   116 |   245 |   362 ||   762
